AoeStats
← lars.jak

Baltic

510834255Analyzed
3v3 RM · 1d ago on Oct 2, 2026· 42m 56s· 6 players
Game mode
Random Map
Map size
Normal (6 player)
Population
200
Speed
Normal
Resources
Standard
Victory
Conquest
Starting age
Dark Age
Ending age
Imperial Age
RankedLock teamsTeams togetherTeam positionsShared explorationLock speedFull tech treeHidden civsTurbo modeCheats
Victory
Defeat
🇳🇱 Spanish · Netherlands
881
+15
🇳🇱 Bohemians · Netherlands
836
+17
🇪🇸 Danes · Spain
810
+18
🇹🇷 Koreans · Türkiye
935
-21
🇹🇷 Mongols · Türkiye
852
-16
🇹🇷 Lithuanians · Türkiye
774
-13
tanno_afca
8:44 Loom
10:35 Feudal Age
11:04 Horse Collar
11:13 Double-Bit Axe
17:18 Wheelbarrow
20:38 Castle Age
19:01 Gold Mining
19:02 Stone Mining
19:32 Fletching
19:43 Padded Archer Armor
28:50 Imperial Age
27:32 Hand Cart
27:02 Town Watch
30:15 Bow Saw
30:11 Heavy Plow
30:18 Bodkin Arrow
30:39 Leather Archer Armor
31:05 Ballistics
31:46 Chemistry
32:23 Elite Conquistador
41:12 Conscription
AadTheMoss
7:39 Loom
12:09 Feudal Age
12:38 Double-Bit Axe
12:35 Horse Collar
20:10 Castle Age
19:57 Fishing Lines
21:00 Bow Saw
21:28 Wheelbarrow
22:49 Fervor
24:59 Hand Cart
29:05 Imperial Age
28:19 Chemistry
28:23 Ballistics
28:06 Murder Holes
31:25 Two-Man Saw
32:46 Conscription
32:34 Wagenburg Tactics
34:01 Elite Hussite Wagon
35:15 Fletching
37:29 Bodkin Arrow
37:35 Padded Archer Armor
37:37 Heavy Plow
37:48 Hussite Reforms
39:03 Siege Engineers
39:56 Block Printing
40:09 Illumination
40:07 Sanctity
41:15 Theocracy
lars.jak
2:24 Loom
11:32 Feudal Age
12:09 Double-Bit Axe
12:40 Fishing Lines
15:36 Wheelbarrow
20:24 Castle Age
19:30 Arson
19:53 Gold Mining
20:36 Scale Mail Armor
20:46 Forging
21:47 Gambesons
22:03 Squires
23:11 Gold Shaft Mining
26:56 Imperial Age
24:38 Stone Mining
25:12 Bow Saw
24:45 Horse Collar
26:02 Chain Mail Armor
27:23 Iron Casting
28:05 Conscription
29:32 Plate Mail Armor
29:45 Conscription
28:46 Elite Jomsviking
33:40 Blast Furnace
36:17 Hand Cart
37:55 Ballistics
37:23 Town Watch
41:11 Town Patrol
41:53 Stone Shaft Mining
BAYDIRMAN
4:01 Loom
10:13 Feudal Age
11:14 Double-Bit Axe
11:11 Horse Collar
16:36 Gold Mining
19:28 Castle Age
17:32 Stone Mining
21:43 Bow Saw
23:03 Wheelbarrow
32:07 Imperial Age
30:42 Gold Shaft Mining
31:26 Padded Archer Armor
31:16 Fletching
33:38 Elite Mangudai
34:51 Elite Mangudai
35:50 Leather Archer Armor
35:31 Bodkin Arrow
39:00 Bracer
40:19 Ballistics
40:59 Chemistry
öküzbaş alyon
6:42 Loom
15:28 Feudal Age
17:41 Double-Bit Axe
17:40 Horse Collar
18:38 Gold Mining
18:38 Stone Mining
20:47 Wheelbarrow
23:00 Castle Age
25:43 Fervor
26:18 Stone Shaft Mining
26:22 Sanctity
27:41 Man-at-Arms
28:22 Squires
28:07 Arson
28:33 Heavy Plow
28:47 Bow Saw
29:53 Treadmill Crane
33:04 Imperial Age
31:29 Hand Cart
33:06 Scale Barding Armor
33:12 Forging
32:53 Fletching
33:03 Padded Archer Armor
33:04 Scale Mail Armor
33:26 Ballistics
33:02 Murder Holes
33:24 Bloodlines
33:14 Husbandry
36:41 Two-Man Saw
36:22 Cavalier
39:12 Chain Barding Armor
39:33 Town Watch
40:32 Iron Casting
40:31 Masonry
40:20 Bodkin Arrow
42:34 Thumb Ring
43:37 Plate Barding Armor
43:03 Bracer
43:19 Leather Archer Armor
MONDOFOBİL
9:20 Loom
11:05 Feudal Age
12:46 Double-Bit Axe
19:47 Castle Age
17:57 Fletching
18:43 Horse Collar
20:51 Bow Saw
20:40 Bodkin Arrow
21:52 Wheelbarrow
21:00 Crossbowman
25:01 Thumb Ring
25:25 Caravan
32:56 Imperial Age
31:36 Hand Cart
32:28 Elite Skirmisher
35:19 Town Watch
36:38 Two-Man Saw
35:50 Bracer
36:29 Ballistics
37:10 Chemistry
36:06 Murder Holes
36:55 Conscription
36:55 Arbalester
38:21 Husbandry
37:42 Light Cavalry
Connection lost

Rejoining the realm…

Still unreachable

The connection could not be restored.

Session expired

The server has moved on; the page needs a fresh start.